 Dungeon Crawl Stone Soup version 0.31-a0-426-g3a05650e59 (webtiles) character file.

Game seed: 16730121535045539894

12628 drugrobin the Severer (level 11, -6/81 HPs)
             Began as a Demigod Delver on July 30, 2023.
             Mangled by a catoblepas (21 damage)
             ... on level 1 of the Lair of Beasts.
             The game lasted 00:42:38 (17054 turns).

drugrobin the Severer (Demigod Delver)             Turns: 17054, Time: 00:42:39

Health: -6/81      AC: 10    Str: 20    XL:     11   Next: 38%
Magic:  0/14       EV: 10    Int: 18    God:
Gold:   750        SH:  9    Dex: 21    Spells: 8/10 levels left

rFire   . . .        b - +2 trident (venom)
rCold   . . .        S - +0 kite shield
rNeg    . . .        W - +0 acid dragon scales
rPois   +            E - +0 helmet
rElec   .            (no cloak)
rCorr   +            J - +1 pair of gloves
SInv    .            z - +0 pair of boots
Will    +++..        w - amulet of guardian spirit
Stlth   +++          j - ring of Raotz {rPois Will++ rCorr Str-5 Int+6}
HPRegen 0.33/turn    I - +6 ring of dexterity
MPRegen 0.14/turn

%: guardian spirit
@: no status effects
A: high MP 1, forlorn, divine attributes
a: no special abilities


You were on level 1 of the Lair of Beasts.
You visited 2 branches of the dungeon, and saw 12 of its levels.
You also visited: Sewer.

You collected 880 gold pieces.
You spent 130 gold pieces at shops.

Inventory:

Hand Weapons
 a - a +0 war axe
 b - a +2 trident of venom (weapon)
 c - a +0 sling
 d - a +0 hand axe
 R - a +4 mace
Missiles
 K - 18 poisoned darts (quivered)
 N - 7 curare-tipped darts
Armour
 z - a +0 pair of boots (worn)
 E - a +0 helmet (worn)
 J - a +1 pair of gloves (worn)
 S - a +0 kite shield (worn)
 W - +0 acid dragon scales (worn)
Magical Staves
 O - a staff of earth
Jewellery
 j - the ring of Raotz (left hand) {rPois Will++ rCorr Str-5 Int+6}
   (You found it on level 4 of the Dungeon)

   [ring of intelligence]

   Str:       It affects your strength (-5).
   Int:       It affects your intelligence (+6).
   rPois:     It protects you from poison.
   rCorr:     It protects you from acid and corrosion.
   Will:      It greatly increases your willpower.
 k - a ring of willpower
 q - a ring of ice
 w - an amulet of guardian spirit (around neck)
 A - a +6 ring of intelligence
 F - a ring of poison resistance
 I - a +6 ring of dexterity (right hand)
 P - a ring of positive energy
Wands
 g - a wand of digging (8)
 M - a wand of polymorph (11)
 V - a wand of charming (4)
Scrolls
 h - 7 scrolls of amnesia
 m - 2 scrolls of vulnerability
 n - 2 scrolls of enchant armour
 o - a scroll of fear
 p - 2 scrolls of revelation
 r - a scroll of silence
 s - 4 scrolls of teleportation
 t - 2 scrolls of immolation
 y - 2 scrolls of poison
 H - 3 scrolls of fog
 Q - a scroll of butterflies {unknown}
 T - a scroll of identify
 U - a scroll of blinking {unknown}
Potions
 e - 3 potions of might
 f - 5 potions of haste
 i - 4 potions of curing
 l - 2 potions of resistance
 u - a potion of ambrosia
 v - a potion of heal wounds
 x - 3 potions of degeneration {unknown}
 B - a potion of magic {unknown}
 C - a potion of cancellation {unknown}
 D - 3 potions of invisibility {unknown}
 G - a potion of attraction {unknown}
 L - 2 potions of lignification


   Skills:
 - Level 2.6 Fighting
 + Level 16.9 Axes
 - Level 1.7 Dodging
 - Level 4.5 Stealth


You had 8 spell levels left.
You knew the following spells:

 Your Spells              Type           Power      Damage    Failure   Level
a - Blink                 Tloc           0%         N/A       77%         2

Your spell library contained the following spells:

 Spells                   Type           Power      Damage    Failure   Level
 Kiss of Death            Conj/Necr      0%         2d5       63%         1
 Magic Dart               Conj           0%         1d3       63%         1
 Passwall                 Tmut/Erth      0%         N/A       77%         2
 Searing Ray              Conj           0%         2d4       77%         2
 Confusing Touch          Hex            0%         N/A       94%         3
 Ozocubu's Armour         Ice            0%         N/A       94%         3
 Vhi's Electric Charge    Tloc/Air       0%         N/A       94%         3
 Dispel Undead            Necr           0%         3d6       100%        4
 Fulminant Prism          Conj/Hex       0%         3d5       100%        4
 Manifold Assault         Tloc           0%         N/A       100%        4
 Arcjolt                  Conj/Air       0%         1d10      100%        5
 Irradiate                Conj/Tmut      0%         3d11      100%        5
 Metabolic Englaciation   Hex/Ice        0%         N/A       100%        5
 Plasma Beam              Fire/Air       0%         2x1d10    100%        6
 Simulacrum               Ice/Necr       0%         N/A       100%        6
 Ozocubu's Refrigeration  Ice            0%         4d7       100%        7


Dungeon Overview and Level Annotations

Branches:
Dungeon (11/15)            Temple (0/1) D:7            Lair (1/5) D:9
    Orc (0/2) D:10          Sewer (visited)

Shops:
D:6 *


Innate Abilities, Weirdness & Mutations

You have an increased reservoir of magic. (+10% MP)
You shall have no god before yourself.
Your divine heritage dramatically boosts your attributes as you level up.


Message History

Okay, then.
Unknown command.
Unknown command.
You feel much better.
You are engulfed in calcifying dust.
You are slowing down.
The catoblepas is no longer moving slowly.
Unknown command.
Unknown command.
Unknown command.
You hit the catoblepas.
The catoblepas looks as sick as possible!
The catoblepas is almost dead.
You are engulfed in calcifying dust.
Your limbs have turned to stone.
The catoblepas gores you!
You have turned to stone.
You are engulfed in calcifying dust.
The catoblepas gores you but does no damage.
The catoblepas breathes a plume of calcifying dust at you.
The blast of calcifying dust hits you.
You are engulfed in calcifying dust.
The catoblepas gores you.
You are engulfed in calcifying dust.
The catoblepas gores you!
* * * LOW HITPOINT WARNING * * *
You are engulfed in calcifying dust.
The catoblepas gores you!
* * * LOW HITPOINT WARNING * * *
You are engulfed in calcifying dust.
The catoblepas gores you but does no damage.
You are engulfed in calcifying dust.
The catoblepas breathes a plume of calcifying dust at you.
The blast of calcifying dust hits you but does no damage.
You turn to flesh and can move again.
Unknown command.
Unknown command.
Unknown command.
Reach: b) +2 trident (venom)
Press: ? - help, Dir - move target, f/p - catoblepas
Aim: a catoblepas (almost dead, very poisoned, about 9% to evade your +2 trident of venom)
You hit the catoblepas but do no damage.
The catoblepas looks as sick as possible!
The catoblepas is almost dead.
The catoblepas gores you!!
You die...

......................# #..#
........#............##### #..#
.......###...........# #.###..#
........##.........#####..##..#
........###.......P# ##.......###
.........##......#####..........#
..........#..#..#####...........#
......(...##.####.†#........(...#
..........##..§§@Y.(.......(.....
..........#..#PP####.#........(..
..........#.##### #####.........
........†#÷.# ####.....#
#.......#÷.## ####.# ###...###..#
## ######..## # ##..### ##
###.....#


You could see a catoblepas (extremely poisoned).

Vanquished Creatures
  Erica (D:10)
  2 two-headed ogres
  An ugly thing (D:10)
  Maggie (Lair:1)
  3 cane toads (Lair:1)
  A troll (D:10)
  2 wraiths
  A wyvern (D:9)
  3 shadows
  16 yaks
  4 vampire mosquitoes (D:10)
  An acid dragon (D:11)
  2 water moccasins
  4 orc warriors
  An ice beast (D:7)
  2 black bears (D:6)
  A sky beast (D:8)
  15 wolves (Lair:1)
  2 centaurs
  3 kobold brigands
  6 bullfrogs
  2 scorpions
  4 wights (D:9)
  11 killer bees
  5 howler monkeys
  5 electric eels (D:9)
  5 hounds
  6 orc priests
  2 jellies
  2 sleepcaps
  2 gnoll boudas
  10 orc wizards
  An iguana (D:5)
  6 gnolls
  6 river rats
  15 adders
  A shadow imp (D:6)
  2 white imps (D:7)
  An ufetubus (D:5)
  2 worms
  4 dart slugs
  46 orcs
  6 bats
  11 endoplasms
  2 giant cockroaches (D:3)
  9 goblins
  22 hobgoblins
  3 jackals (D:2)
  24 kobolds
  4 quokkas
  14 ball pythons
  2 frilled lizards
  33 rats
340 creatures vanquished.

Notes
Turn   | Place    | Note
-------+----------+-------------------------------------------
     0 | D:5      | drugrobin the Demigod Delver began the quest for the Orb.
     0 | D:5      | Reached XP level 1. HP: 18/18 MP: 3/3
    42 | D:4      | Reached skill level 2 in Axes
   101 | D:4      | Got the Handbook of Flesh
   125 | D:4      | Reached XP level 2. HP: 14/25 MP: 4/4
   296 | D:4      | Reached skill level 3 in Axes
   321 | D:4      | Reached XP level 3. HP: 23/30 MP: 5/5
   328 | D:4      | Identified the ring of Raotz {rPois Will++ rCorr Str-5
                  | Int+6}
   452 | D:5      | Found a glowing drain.
   473 | D:5      | Reached skill level 4 in Axes
   480 | Sewer    | Entered a sewer
   554 | Sewer    | Reached XP level 4. HP: 37/37 MP: 6/6
   933 | Sewer    | Reached skill level 5 in Axes
   937 | Sewer    | Reached XP level 5. HP: 42/42 MP: 7/7
  1064 | Sewer    | Reached skill level 6 in Axes
  1064 | Sewer    | Reached XP level 6. HP: 43/50 MP: 8/8
  3196 | D:2      | Reached skill level 7 in Axes
  4905 | D:5      | Reached XP level 7. HP: 47/56 MP: 5/9
  5472 | D:5      | Noticed a steam dragon
  5514 | D:6      | Reached skill level 8 in Axes
  5665 | D:6      | HP: 2/56 [orc/+0 trident (5)]
  5958 | D:6      | Reached skill level 9 in Axes
  6027 | D:6      | Reached XP level 8. HP: 30/62 MP: 4/10
  7221 | D:6      | Reached skill level 10 in Axes
  7545 | D:6      | Noticed an angel
  7549 | D:6      | Found Vuryud's Hallowed Reliquary.
  7557 | D:6      | Bought a potion of heal wounds for 65 gold pieces
  7557 | D:6      | Bought a potion of heal wounds for 65 gold pieces
  7728 | D:7      | Found a staircase to the Ecumenical Temple.
  7952 | D:7      | Learned a level 2 spell: Blink
  8733 | D:8      | Reached skill level 11 in Axes
  9105 | D:9      | Found a staircase to the Lair.
  9137 | D:9      | Reached XP level 9. HP: 54/68 MP: 9/11
  9584 | D:9      | Reached skill level 12 in Axes
 10778 | D:8      | Reached skill level 13 in Axes
 11749 | D:9      | Reached XP level 10. HP: 34/74 MP: 5/13
 11988 | D:9      | Reached skill level 14 in Axes
 12953 | D:10     | Entered Level 10 of the Dungeon
 12953 | D:10     | Noticed a two-headed ogre
 12977 | D:9      | Killed a two-headed ogre
 13751 | D:10     | Reached skill level 15 in Axes
 14336 | D:10     | Found a staircase to the Orcish Mines.
 14363 | D:10     | Noticed Erica
 14396 | D:11     | Noticed a green ugly thing
 14568 | D:10     | Killed Erica
 14917 | D:10     | Killed a brown ugly thing
 15306 | D:11     | Reached XP level 11. HP: 63/79 MP: 12/14
 15588 | D:11     | Reached skill level 16 in Axes
 15810 | D:11     | Noticed a two-headed ogre
 15842 | D:11     | Killed a two-headed ogre
 16141 | Lair:1   | Entered Level 1 of the Lair of Beasts
 16234 | Lair:1   | Noticed Maggie
 16264 | Lair:1   | Killed Maggie
 17014 | Lair:1   | Noticed a catoblepas
 17054 | Lair:1   | Mangled by a catoblepas

Illustrated notes

Levels and vault maps discovered:
D:1:      minmay_arrival_open_corners, layout_basic, st_stairs_2,
          kennysheep_pointless_box, minmay_tall_x
D:2:      layout_basic, minmay_heptomino_d4
D:3:      cheibrodos_greedy_goblins, layout_basic, kennysheep_boxes
D:4:      layout_basic, lemuel_blue_sif_altar, kennysheep_mini_moat,
          mainiacjoe_overflow_big_doors, lightli_ossuary_entry_decrepit_ruins
D:5:      cheibrodos_thug_alley, layout_loops_ring,
          mainiacjoe_overflow_tiny_flanked, portal_sewer_entry_c
D:6:      layout_gridville, nicolae_good_shop
D:7:      layout_gridville, overflow_temple_1_default, minmay_temple_entry_trees
D:8:      layout_rooms, pdpol_temple_overflow_zin_treasury_gozag_greed,
          mainiacjoe_overflow_paths
D:9:      layout_small_grid, nicolae_qazlal_general_emergency,
          minmay_crystal_water, dreamdust_wishing_well,
          kennysheep_cross_bottleneck, dreamdust_gnoll_shepherd
D:10:     layout_stronghold, david_orc_3, uniq_erica
D:11:     layout_rooms
Lair:1:   layout_cave_pods, lemuel_oklob_altar, uniq_maggie

Skill      XL: |  1  2  3  4  5  6  7  8  9 10 11 |
---------------+----------------------------------+-----
Axes           | 2 3 4 5 6 7 9 11 13 15 16 | 16.9
Fighting       | |  2.6
Dodging        | |  1.7
Stealth        | |  4.5

Action                     |  1- 3 |  4- 6 |  7- 9 | 10-12 || total
---------------------------+-------+-------+-------+-------++-------
  Melee: Hand axe          |    40 |     6 |    82 |       ||   128
         Trident           |    24 |   300 |   191 |    87 ||   602
         Punch             |       |     2 |     6 |     1 ||     9
         Short sword       |       |       |     5 |       ||     5
         War axe           |       |       |   144 |   311 ||   455
   Fire: Sling             |       |       |    64 |     2 ||    66
  Throw: Dart              |     8 |     1 |    36 |    62 ||   107
         Throwing net      |       |       |     1 |       ||     1
  Evoke: Wand              |       |       |     1 |     7 ||     8
    Use: Potion            |     2 |     1 |     3 |     5 ||    11
         Scroll            |     3 |     8 |     4 |     1 ||    16
   Stab: Sleeping          |     1 |    13 |     3 |     3 ||    20
         Distracted        |       |     1 |     4 |     2 ||     7
 Armour: Leather armour    |     5 |    81 |    90 |    53 ||   229
         Ring mail         |    13 |       |       |       ||    13
         Skin              |       |    47 |       |       ||    47
         Acid dragon scale |       |       |       |    39 ||    39
  Dodge: Dodged            |    38 |   187 |   231 |   171 ||   627
  Block: Kite shield       |       |       |       |   119 ||   119

Table legend: (Time is in decaauts)
 A = Elapsed time spent in this place.
 B = Non-inter-level travel time spent in this place.
 C = Inter-level travel time spent in this place.
 D = Time resting spent in this place.
 E = Time spent auto-exploring this place.
 F = Levels seen in this place.
 G = Mean time per level.
                   A        B        C        D        E       F      G
               +--------+--------+--------+--------+--------+-----+--------+
         Total |  17134 |  16225 |    909 |   3700 |   7650 |  13 | 1318.0 |
       Dungeon |  15467 |  14558 |    909 |   3154 |   7176 |  11 | 1406.1 |
          Lair |    885 |    885 |      0 |    289 |    333 |   1 |  885.0 |
         Sewer |    782 |    782 |      0 |    256 |    140 |   1 |  782.0 |
               +--------+--------+--------+--------+--------+-----+--------+

Top non-repeatable levels by time:
     D:9: 3363 daAuts
    D:10: 2080 daAuts
     D:6: 1752 daAuts
     D:3: 1249 daAuts
     D:4: 1183 daAuts
     D:5: 1136 daAuts
     D:8: 1115 daAuts
    D:11: 965 daAuts
     D:7: 964 daAuts
  Lair:1: 885 daAuts
     D:1: 884 daAuts
   Sewer: 782 daAuts
     D:2: 770 daAuts
